Unix NetHack Version 5.0.0-0 post-release - last build Jun 10 2026 00:39:30 (3ee93aec679c4c4259841fe613dc97188e26a321,branch:main).

Game began 2026-07-02 21:03:24, ended 2026-07-02 21:15:32.

ARFwashere, neutral male human Archeologist

       ----
        GY|
         .|
        -.|
        |@|
        |.|
       --.|
       |..|
     ---.--
     |...|
     |)-.--
   ---....|
   -..........|
  |...........|
  -----...........
       -........|
       ----....--
           -.---
            --
ARFwashere the Field Worker  St:13 Dx:9 Co:16 In:10 Wi:18 Ch:7  Neutral
Dlvl:5  $:299 HP:0(36) Pw:19(19) AC:5  Xp:4 T:1842  Conf

Latest messages:
 You see here a black gem.
 The gnome picks up a thonged club.
 L - a black gem.
 What do you want to use or apply? [afgilqxHI or ?*] g
 What do you want to rub on the stone? [$L or ?*] L
 L - a black opal.
 What do you want to drop? [$abdfgi-mo-qtxC-L or ?*] <enter>
 Never mind.
 The hobbit throws a dagger!
 A dagger misses you.
 M - a dagger.
 What do you want to throw? [$M or ?*] M
 In what direction? b
 The hobbit hits!
 You lash the hobbit.
 The hobbit misses!
 The gnome wields a thonged club!
 The gnome secures the tether on the thonged club.
 What do you want to use or apply? [afgilqxHI or ?*] i
 e - a +0 pick-axe.
 What do you want to wield? [- ae or ?*] e
 e - a +0 pick-axe (weapon in right hand).
 The gnome throws a thonged club!
 You are hit by a thonged club!
 You hear some noises in the distance.
 A trap door opens up under you!
 The gnome throws a dagger!
 You are hit by a dagger.
 What do you want to zap? [I or ?*] I
 A monkey suddenly appears next to you!
 You hit the monkey.
 The monkey turns to flee.
 The monkey hits!
 The monkey tries to take your boots but gives up.
 The monkey bites!
 You miss the monkey.
 What do you want to drink? [opE or ?*] p
 Huh, What?  Where am I?
 What do you want to drink? [oE or ?*] ?
 This tastes like slime mold juice.
 You can see through yourself, but you are visible!
 What do you want to drink? [o or ?*] ?
 Yecch!  This stuff tastes like poison.
 Your brain is on fire.
 You die...
 Do you want your possessions identified? [ynq] (y) n
 Do you want to see your attributes? [ynq] (y) n
 Do you want an account of creatures vanquished? [ynaq] (y) n
 Do you want to see your conduct and achievements? [ynq] (y) n
 Do you want to see the dungeon overview? [ynq] (y) n

Inventory:
 Coins    ('$')
  $ - 299 gold pieces
 Weapons  (')')
  a - a +2 bullwhip
 Armor    ('[')
  D - an uncursed +0 orcish helm (being worn)
  C - a blessed +0 pair of high boots (being worn)
  t - an uncursed +0 cloak of invisibility (being worn)
  K - an uncursed +0 dwarvish cloak
  b - an uncursed +0 leather jacket (being worn)
 Comestibles  ('%')
  d - 4 uncursed food rations
 Scrolls  ('?')
  m - a cursed scroll of confuse monster
  J - a blessed scroll of enchant weapon
  j - 2 uncursed scrolls of food detection
  F - 2 uncursed scrolls of magic mapping
  G - an uncursed scroll of teleportation
 Spellbooks  ('+')
  H - an uncursed spellbook of levitation
 Rings    ('=')
  k - an uncursed ring of cold resistance
 Wands    ('/')
  I - a wand of create monster (0:12)
 Tools    ('(')
  i - an empty uncursed sack
  q - a cursed credit card
  x - a cursed leash
  l - an uncursed oil lamp
  e - a +0 pick-axe (weapon in right hand)
  f - a tinning kit (0:69)
 Gems/Stones  ('*')
  L - an uncursed black opal
  g - an uncursed touchstone

ARFwashere the Archeologist's attributes:

Background:
 You were a Field Worker, a level 4 male human Archeologist.
 You were neutral, on a mission for Camaxtli
 who was opposed by Quetzalcoatl (lawful) and Huhetotl (chaotic).
 You were right-handed.
 You were in the Gnomish Mines, on level 5.
 You entered the dungeon 1842 turns ago.
 There was a full moon in effect when your adventure ended.
 You had 132 experience points, 28 more were needed to attain level 5.

Basics:
 You had 0 out of 36 hit points.
 You had all 19 energy points (spell power).
 Your armor class was 5.
 Your wallet contained 299 zorkmids.
 Autopickup was on for '$' plus thrown.

Final Characteristics:
 Your strength was 13 (limit:18/100).
 Your dexterity was 9 (limit:18).
 Your constitution was 16 (limit:18).
 Your intelligence was 10 (peak:13, limit:18).
 Your wisdom was 18 (limit:18).
 Your charisma was 7 (limit:18).

Final Status:
 You were confused.
 You weren't hungry.
 You were unencumbered.
 You were wielding a pick-axe.
 You had basic skill with pick-axe.

Final Attributes:
 You were devoutly aligned.
 You saw invisible.
 You had automatic searching.
 You were invisible to others.
 You were warded.
 You were lucky.
 You are dead.

Miscellaneous:
 You didn't encounter any bones levels.
 Total elapsed playing time was 12 minutes and 7 seconds.

Major events:
 Turn
    1: ARFwashere the neutral male human Archeologist entered the dungeon
  714: attained the rank of Field Worker (level 3)
 1713: entered the Gnomish Mines
 1842: killed by a contaminated potion

You didn't know any spells.

Skills:
 Fighting Skills
   bare handed combat [Unskilled]
   two weapon combat  [Unskilled]
   riding             [Unskilled]
 Weapon Skills
   dagger             [Unskilled]
   knife              [Unskilled]
   pick-axe           [Basic]
   short sword        [Unskilled]
   saber              [Unskilled]
   club               [Unskilled]
   quarterstaff       [Unskilled]
   sling              [Unskilled]
   dart               [Unskilled]
   boomerang          [Unskilled]
   whip               [Basic]
   unicorn horn       [Unskilled]
 Spellcasting Skills
   attack spells      [Unskilled]
   healing spells     [Unskilled]
   divination spells  [Unskilled]
   matter spells      [Unskilled]

Voluntary challenges:
 Character rerolling was not enabled.
 You never genocided any monsters.
 You never polymorphed an object.
 You never changed form.
 You used no wishes.
Achievements:
 You attained the rank of Field Worker.
 You entered a shop.
 You entered the Gnomish Mines.

 The Dungeons of Doom: levels 1 to 4
    Level 1:
       A fountain.
    Level 2:
       A weapon shop.
    Level 3:
       A food shop.
       Stairs down to The Gnomish Mines.
    Level 4:
 The Gnomish Mines: levels 4 to 5
    Level 4:
    Level 5: <- You were here.
       Final resting place for
          you, killed by a contaminated potion.


Vanquished creatures:
  a gnome leader
  a kitten
  a dwarf
  a homunculus
 an orc zombie
  a hobbit
  a large kobold
  2 giant rats
  a yellow mold
  5 gnomes
  2 geckos
  a jackal
  a goblin
  a sewer rat
  4 grid bugs
  4 lichens
  3 kobold zombies
  8 newts
39 creatures vanquished.

No species were genocided or became extinct.

Game over:
                       ----------
                      /          \
                     /    REST    \
                    /      IN      \
                   /     PEACE      \
                  /                  \
                  |    ARFwashere    |
                  |      299 Au      |
                  |   killed by a    |
                  |   contaminated   |
                  |      potion      |
                  |                  |
                  |       2026       |
                 *|     *  *  *      | *
        _________)/\\_//(\/(/\)/\//\/|_)_______

Goodbye ARFwashere the Archeologist...

You died in The Gnomish Mines on dungeon level 5 with 1048 points,
and 299 pieces of gold, after 1842 moves.
You were level 4 with a maximum of 36 hit points when you died.

